 Dungeon Crawl Stone Soup version 0.27.1-33-g824d729ab1 (webtiles) character file.

Game seed: 10045439158024888716

105 ReploidZero the Magician (level 5, -3/35 HPs)
             Began as a Djinni Fire Elementalist on Dec 10, 2021.
             Killed by divine providence
             ... invoked by an orc priest
              (14 damage)
             ... on level 3 of the Dungeon.
             The game lasted 00:07:46 (3269 turns).

ReploidZero the Magician (Djinni Fire Elementalist) Turns: 3269, Time: 00:07:56

Health: -3/35      AC:  2    Str:  7    XL:     5   Next: 8%
Gold:   188        EV: 12    Int: 18    God:
                   SH:  0    Dex: 13

rFire    + + .     SeeInvis .   (no weapon)
rCold    . . .     Faith    .   (no shield)
rNeg     . . .     Spirit   .   a - +0 robe
rPois    ∞         Reflect  .   (no helmet)
rElec    .         Harm     .   (no cloak)
rCorr    .         Rampage  .   (no gloves)
Will     .....                  (boots unavailable)
Stlth    ++........             (no amulet)
HPRegen  0.11/turn              e - ring of protection from cold
MPRegen  0.00/turn              (no ring)

@: flying
A: sickness immunity, fire resistance 2, cold vulnerability 1, float, innate
caster, hp casting, extra vitality 1
a: no special abilities


You were on level 3 of the Dungeon.
You visited 1 branch of the dungeon, and saw 3 of its levels.

You collected 188 gold pieces.

Inventory:

Armour
 a - a +0 robe (worn)
Jewellery
 e - a ring of protection from cold (left hand)
 f - a ring of ice
Potions
 b - a potion of lignification
 c - a potion of haste {unknown}
 d - a potion of curing {unknown}
 g - a potion of berserk rage {unknown}


   Skills:
 - Level 2.1 Dodging
 - Level 1.5 Stealth
 + Level 4.2 Spellcasting


You couldn't memorise any spells.
You knew the following spells:

 Your Spells              Type           Power      Damage    Failure   Level
a - Foxfire               Conj/Fire      72%        2x1d7     2%          1
b - Conjure Flame         Conj/Fire      18%        6-21      8%          3
c - Inner Flame           Hex/Fire       18%        N/A       8%          3
d - Sticky Flame          Conj/Fire      18%        2d4       26%         4
e - Fireball              Conj/Fire      9%         3d6       56%         5
f - Sting                 Tmut/Pois      72%        1d6       2%          1
g - Call Imp              Summ           18%        N/A       3%          2
Your spell library was empty.

Dungeon Overview and Level Annotations

Branches:
Dungeon (3/15)

Altars:
Elyvilon


Innate Abilities, Weirdness & Mutations

You are immune to sickness and miasma.
You are immune to poison.
Your flesh is very heat resistant. (rF++)
You are vulnerable to cold. (rC-)
You float through the air rather than walking.
You learn spells naturally, not from books.
Your magical power is your life essence.
You have superior vitality. (+4 HP)


Message History

Your foxfire dissipates!
The foxfire hits the orc wizard but does no damage.
The foxfire hits the orc wizard.
The orc wizard is moderately wounded.
The foxfire hits the orc wizard but does no damage.
The orc wizard is moderately wounded.
Casting: Foxfire (safe; 2% risk of failure)
Confirm with . or Enter, or press ? or * to list all spells.
Aiming: Sting (safe; 2% risk of failure)
Press: ? - help, Shift-Dir - straight line, f - orc wizard
Aim: an orc wizard, wielding a +0 dagger and wearing a +0 robe (moderately wounded, 67% to hit)
The sting hits the orc wizard.
The orc wizard is poisoned.
The orc wizard is heavily wounded.
The orc wizard barely misses you.
Casting: Sting (safe; 2% risk of failure)
Confirm with . or Enter, or press ? or * to list all spells.
Aiming: Sting (safe; 2% risk of failure)
Press: ? - help, Shift-Dir - straight line, f/p - orc wizard
Aim: an orc wizard, wielding a +0 dagger and wearing a +0 robe (heavily wounded, poisoned, 67% to hit)
The sting hits the orc wizard.
The orc wizard looks even sicker.
The orc wizard is severely wounded.
The orc wizard hits you with a +0 dagger.
Casting: Sting (safe; 2% risk of failure)
Confirm with . or Enter, or press ? or * to list all spells.
A metallic apparition takes form in the air.
The orc wizard hits you with a +0 dagger.
Casting: Call Imp (safe; 3% risk of failure)
Confirm with . or Enter, or press ? or * to list all spells.
A metallic apparition takes form in the air.
The orc wizard hits you but does no damage.
The orc priest hits your iron imp but does no damage.
An orc comes into view. It is wielding a +0 dagger.
Casting: Call Imp (safe; 3% risk of failure)
Confirm with . or Enter, or press ? or * to list all spells.
A beastly little devil appears in a puff of flame.
Your iron imp hits the orc priest!
The orc wizard hits you with a +0 dagger.
The orc priest mumbles some strange prayers to Beogh against you.
Beogh smites you!
You die...

....####.........####.....
.o.....'.........+......##
o...####...o.....####...#
# ##.......## ##..##
##.....## ###.. ##...##
##. #...# #. ###o..### #.
#@o5....#########.
#5................
#...5....##########
.o........# ###..<...#.#
#.###.##.# #. ####.# #.
#.# ..#


You could see an orc priest (ally target), an orc wizard (very poisoned, ally
target), an orc, 2 friendly iron imps and a friendly crimson imp (summoned).

Vanquished Creatures
  A hound (D:3)
  2 adders
  2 dart slugs
  5 endoplasms
  A giant cockroach (D:2)
  6 goblins
  5 hobgoblins
  4 quokkas (D:2)
  2 ball pythons (D:1)
  6 bats
  2 frilled lizards (D:1)
  7 kobolds
  7 rats
50 creatures vanquished.

Vanquished Creatures (others)
  153 foxfires
153 creatures vanquished.

Grand Total: 203 creatures vanquished

Notes
Turn   | Place    | Note
-------+----------+-------------------------------------------
     0 | D:1      | ReploidZero the Djinni Fire Elementalist began the quest
                  | for the Orb.
     0 | D:1      | Reached XP level 1. HP: 15/15 MP: 0/0
   334 | D:1      | Reached XP level 2. HP: 19/21 MP: 0/0
   721 | D:1      | Reached skill level 3 in Spellcasting
   956 | D:1      | Reached XP level 3. HP: 17/25 MP: 0/0
   956 | D:1      | Learned a level 1 spell: Sting
  1423 | D:2      | Found a faded altar of an unknown god.
  2322 | D:2      | Reached XP level 4. HP: 29/31 MP: 0/0
  2740 | D:3      | Found a white marble altar of Elyvilon.
  2881 | D:3      | Reached skill level 4 in Spellcasting
  3042 | D:3      | Reached XP level 5. HP: 33/35 MP: 0/0
  3042 | D:3      | Learned a level 2 spell: Call Imp
  3269 | D:3      | Killed from afar by an orc priest

Illustrated notes

Levels and vault maps discovered:
D:1:      lemuel_arrival_river_passageway, layout_loops_ring,
          minmay_misc_feat_more_columns, st_stairs_5, minmay_tromino_v2
D:2:      minmay_chambers_of_twos, layout_basic,
          hellmonk_ecumenical_altar_zigzags, kennysheep_cross_bottleneck
D:3:      layout_loops_corners, elyvilon_altar_4

Skill      XL: |  1  2  3  4 |
---------------+-------------+-----
Spellcasting   | 3 4 |  4.2
Dodging        | |  2.1
Stealth        | |  1.5

Action                   |  1- 3 |  4- 6 || total
-------------------------+-------+-------++-------
Melee: Unarmed           |     9 |       ||     9
 Cast: Foxfire           |    71 |    31 ||   102
       Sting             |     6 |     2 ||     8
       Call Imp          |       |     3 ||     3
  Use: Scroll            |     3 |       ||     3
Armor: Robe              |     3 |     1 ||     4
Dodge: Dodged            |     8 |     3 ||    11
